 Dungeon Crawl Stone Soup version 0.30-a0-723-gc1506a1cf0 (webtiles) character file.

Game seed: 18173037945784517966

32 omnomnOMINOUS the Cutter (level 3, -1/25 HPs)
             Began as an Octopode Wanderer on Jan 29, 2023.
             Was a Believer of Ru.
             Slain by a gnoll
             ... wielding a +0 spear
              (6 damage)
             ... on level 1 of the Dungeon.
             The game lasted 00:02:08 (1234 turns).

omnomnOMINOUS the Cutter (Octopode Wanderer)        Turns: 1234, Time: 00:02:08

Health: -1/25      AC:  1    Str:  7 (8)  XL:     3   Next: 27%
Magic:  5/5        EV: 12    Int: 17 (19) God:    Ru [**....]
Gold:   25         SH:  4    Dex:  9 (11) Spells: 4/5 levels left

rFire   x . .      SeeInvis .    a - +0 rapier
rCold   x . .      Faith    .    b - +0 buckler
rNeg    . . .      Spirit   .    (helmet restricted)
rPois   .          Reflect  .    (no amulet)
rElec   .          Harm     .    i - ring of wizardry
rCorr   .          Rampage  .    (no ring)
Will    .....                    (no ring)
Stlth   ++                       (no ring)
HPRegen 0.24/turn                (no ring)
MPRegen 0.09/turn                (no ring)
                                 (no ring)
                                 (no ring)

@: no status effects
A: almost no armour, amphibious, 8 rings, camouflage 1, gelatinous body 1,
temperature sensitive, (nimble swimmer 1), tentacles
a: Renounce Religion


You were on level 1 of the Dungeon.
You worshipped Ru.
Ru was pleased with you.
You visited 1 branch of the dungeon, and saw 2 of its levels.

You collected 25 gold pieces.

Inventory:

Hand Weapons
 a - a +0 rapier (weapon)
Armour
 b - a +0 buckler (worn)
Jewellery
 h - a ring of fire
 i - a ring of wizardry (left tentacle)
Scrolls
 e - 2 scrolls of identify {unknown}
 g - a scroll of enchant armour {unknown}
 j - 2 scrolls of fog
 k - a scroll of enchant weapon {unknown}
 l - a scroll of noise {unknown}
Potions
 c - a potion of haste


   Skills:
 + Level 2.4 Fighting
 - Level 3.0 Short Blades
 + Level 1.7 Dodging
 + Level 2.4 Shields
 + Level 1.5 Spellcasting
 - Level 1.0 Air Magic


You had 4 spell levels left.
You knew the following spells:

 Your Spells              Type           Power      Damage    Failure   Level
a - Shock                 Conj/Air       12%        1d3       9%          1

Your spell library contained the following spells:

 Spells                   Type           Power      Damage    Failure   Level
 Mephitic Cloud           Conj/Pois/Air  2%         N/A       26%         3
 Dazzling Flash           Conj/Hex       2%         N/A       32%         3
 Gell's Gravitas          Tloc           1%         N/A       32%         3
 Teleport Other           Tloc           1%         N/A       32%         3
 Silence                  Hex/Air        1%         N/A       91%         5
 Agony                    Necr           1%         N/A       95%         5
 Dispersal                Tloc           0%         N/A       100%        6


Dungeon Overview and Level Annotations

Branches:
Dungeon (2/15)

Altars:
Ru


Innate Abilities, Weirdness & Mutations

You cannot wear most types of armour.
You are amphibious.
You can wear up to eight rings at the same time.
Your skin changes colour to match your surroundings (Stealth+).
Your rubbery body absorbs attacks. (AC +1, EV +1)
You are sensitive to extremes of temperature. (rF-, rC-)
((You are camouflaged when in or above water. (Stealth+)))
You have tentacles for arms and can constrict up to eight enemies at once.


Message History

You feel clever. x2
You barely miss the rat. You grab the rat. You constrict the rat.
The rat bites you.
You hit the rat.
The rat is severely wounded.
You constrict the rat.
You kill the rat!
You start resting.
HP restored.
You start waiting.
Done waiting.
Done exploring.
You climb downwards.
The gnoll hits you with a +0 spear! The worm bites you.
There is a stone staircase leading up, spattered with blood here.
The gnoll barely misses you.
You climb upwards.
There is a stone staircase leading down here.
Unknown command.
You aren't carrying any items that you can evoke.
It was a potion of curing.
You feel better. The gnoll hits you with a +0 spear. The worm bites you.
You hit the gnoll. Your grab misses the gnoll.
The gnoll is heavily wounded.
The gnoll hits you with a +0 spear.
You barely miss the gnoll. Your grab misses the gnoll.
Your squeeze misses the gnoll.
The gnoll is heavily wounded.
The worm barely misses you. The gnoll hits you with a +0 spear!
* * * LOW HITPOINT WARNING * * *
You feel better. The gnoll hits you with a +0 spear.
* * * LOW HITPOINT WARNING * * *
The worm barely misses you.
It was a potion of degeneration.
There was something very wrong with that liquid.
You feel weakened.
You feel dopey.
You feel clumsy. The gnoll closely misses you.
As you read the scroll labelled KIRYAWKEOPU, it crumbles to dust.
The scroll dissolves into smoke.
It was a scroll of fog.
The gnoll hits you with a +0 spear.
You die...

#.# #....#.#.# #.# #.#
#.##.#.#.# ########.### #.#
#.##.#.#.####......#.... #.#
#.##.#.#.##..........### #.#
#.##.#.#.##..........##
#.###.##.###.##...........#
#...#.#..§§...............#
###.#.#..#g####...........##
#.#.#..#§@w§..............
#.#.#..######.............
#.#.#..# #####.........
#.#.#..# #_#.........
#.#.#..# #^#..)......
#.#.#..########.#.....####
####.#.#.................#...
#....#.#.#######.........#.##
######.#.................#.##


You could see a worm and a gnoll.

Vanquished Creatures
  A gnoll (D:1)
  A ball python (D:1)
  2 bats (D:1)
  3 endoplasms (D:1)
  2 giant cockroaches (D:1)
  2 goblins (D:1)
  2 hobgoblins (D:1)
  2 quokkas (D:1)
  2 kobolds (D:1)
  3 rats (D:1)
20 creatures vanquished.

Notes
Turn   | Place    | Note
-------+----------+-------------------------------------------
     0 | D:1      | omnomnOMINOUS the Octopode Wanderer began the quest for the
                  | Orb.
     0 | D:1      | omnomnOMINOUS set off with the following items: a +0
                  | rapier, a +0 buckler, a potion of haste; and the following
                  | spell memorised: Shock; and the following spells available
                  | to memorise: Mephitic Cloud.
     0 | D:1      | Reached XP level 1. HP: 14/14 MP: 2/2
   181 | D:1      | Reached XP level 2. HP: 13/19 MP: 3/3
   407 | D:1      | Found a faded altar of an unknown god.
   428 | D:1      | Prayed at the altar of an unknown god.
   428 | D:1      | Became a worshipper of Ru the Awakened
   431 | D:1      | Gained mutation: You are sensitive to extremes of
                  | temperature. (rF-, rC-) [Ru sacrifice]
   431 | D:1      | Reached * piety under Ru
   431 | D:1      | Reached ** piety under Ru
  1094 | D:1      | Reached XP level 3. HP: 18/25 MP: 5/5
  1234 | D:1      | Slain by a gnoll

Illustrated notes

Levels and vault maps discovered:
D:1:      dpeg_arrival_court, layout_basic,
          hellmonk_ecumenical_altar_leap_of_faith, minmay_tetromino_t4
D:2:      layout_loops_ring, serial_aquarium, aquarium_bridge_square
          [aquarium_subvault_bridge, aquarium_subvault_balcony,
          aquarium_subvault_wall, aquarium_subvault_balcony], aquarium_window_1,
          aquarium_window_fake, aquarium_window_corner, aquarium_view_2c,
          serial_shops, nicolae_shop_stone, chequers_serial_rivers_marsh,
          eino_tiny_chamber, bh_walls_and_bars

Action                     || total
---------------------------++-------
  Melee: Rapier            ||    35
         Tentacles         ||     6
         Constrict         ||     7
 Invoke: Sacrifice Resista ||     1
    Use: Potion            ||     3
         Scroll            ||     1
   Stab: Sleeping          ||     4
 Armour: Skin              ||     1
  Dodge: Dodged            ||    21
  Block: Buckler           ||     4

Table legend: (Time is in decaauts)
 A = Elapsed time spent in this place.
 B = Non-inter-level travel time spent in this place.
 C = Inter-level travel time spent in this place.
 D = Time resting spent in this place.
 E = Time spent auto-exploring this place.
 F = Levels seen in this place.
 G = Mean time per level.
                   A        B        C        D        E       F      G
               +--------+--------+--------+--------+--------+-----+--------+
         Total |   1237 |   1174 |     63 |    170 |    861 |   2 |  618.5 |
       Dungeon |   1237 |   1174 |     63 |    170 |    861 |   2 |  618.5 |
               +--------+--------+--------+--------+--------+-----+--------+

Top non-repeatable levels by time:
     D:1: 1232 daAuts
     D:2: 5 daAuts
